 Dungeon Crawl Stone Soup version 0.18.1-50-g88ac8fd (webtiles) character file.

72 Chaoticas the Cudgeler (level 4, 0/40 HPs)
             Began as a Minotaur Berserker on Dec 1, 2016.
             Was a Believer of Trog.
             Succumbed to an adder's poison
             ... on level 2 of the Dungeon.
             The game lasted 00:07:18 (1476 turns).

Chaoticas the Cudgeler (Minotaur Berserker)         Turns: 1476, Time: 00:07:19

Health: 0/40       AC:  2    Str: 27    XL:     4   Next: 7%
Magic:  3/3        EV: 14    Int:  4    God:    Trog [**....]
Gold:   95         SH:  8    Dex: 15    Spells: 0 memorised, 3 levels left

rFire  . . .     SeeInvis .     a - +0 mace
rCold  . . .     Gourm    .     b - +0 animal skin
rNeg   . . .     Faith    .     y - +0 shield
rPois  .         Spirit   .     (helmet restricted)
rElec  .         Dismiss  .     (no cloak)
rCorr  .         Reflect  .     (no gloves)
SustAt .         Harm     .     (no boots)
MR     .....                    (no amulet)
Stlth  ++........               (no ring)
                                (no ring)

@: mighty, agile, lethally poisoned (0 -> -2), flying, very slightly
contaminated, hasted, very quick, not resistant to hostile enchantments,
unstealthy
A: retaliatory headbutt, horns 2
a: Berserk, Trog's Hand, Burn Spellbooks, Renounce Religion


You were on level 2 of the Dungeon.
You worshipped Trog.
Trog was pleased with you.
You were not hungry.

You visited 1 branch of the dungeon, and saw 2 of its levels.

You collected 95 gold pieces.

Inventory:

Hand Weapons
 a - a +0 mace (weapon)
 h - a +0 club
 i - a +0 club
 k - a +0 club
 m - a cursed +0 club
 q - a +0 club
 s - a +0 spear
 v - a +0 whip
 A - a +0 mace
Missiles
 l - 51 stones (quivered)
 p - 17 arrows
Armour
 b - a +0 animal skin (worn)
 t - a +0 robe
 y - a +0 shield (worn)
Jewellery
 g - an uncursed amulet of magic regeneration {unknown}
 u - an uncursed ring of sustain attributes {unknown}
 B - an uncursed ring of flight {unknown}
Scrolls
 j - a scroll of recharging {unknown}
 n - a scroll of enchant armour {unknown}
 o - 2 scrolls of identify {unknown}
 w - a scroll of remove curse {unknown}
 x - 2 scrolls of random uselessness {unknown}
Comestibles
 c - 2 bread rations
 z - a chunk of flesh


   Skills:
 - Level 3.7 Fighting
 * Level 5.9 Maces & Flails
 - Level 2.4 Armour
 - Level 2.2 Dodging


You had 3 spell levels left.
You didn't know any spells.

Dungeon Overview and Level Annotations

Branches:
Dungeon (2/15)

Altars:
Nemelex Xobeh


Innate Abilities, Weirdness & Mutations

You reflexively headbutt those who attack you in melee.
You have a pair of horns on your head.


Message History

Drink which item? (? for menu, Esc to quit)
It was a potion of might.
You feel very mighty all of a sudden.
Drink which item? (? for menu, Esc to quit)
It was a potion of flight.
You feel very buoyant.
You fly up into the air.
Drink which item? (? for menu, Esc to quit)
It was a potion of agility.
You feel agile all of a sudden.
* * * LOW HITPOINT WARNING * * *
You feel sick.
There is a lethal amount of poison in your body!
* * * LOW HITPOINT WARNING * * *
You feel sick.
* * * LOW HITPOINT WARNING * * *
You feel sick.
Eat which item? (? for menu, Esc to quit)
You aren't quite hungry enough to eat that!
You die...

#.# #.# #.# ######## #.#
#......# #.# #.####.# #.# #.#
#.# #.# #.# #.#
#.#########.####.############
#......[....#...@...........#
#.###########.##.##########.#
..#######......#.# #)#
..##......###..#.# #.#
..##.###########.# #.#
.>...............# #.#
####.############# #.# #.#
........# #.# #########


There were no monsters in sight!

Vanquished Creatures
  3 adders (D:2)
  2 oozes (D:2)
  A worm (D:2)
  A dart slug (D:1)
  A giant gecko (D:2)
  2 goblins
  6 hobgoblins
  6 kobolds
  A ball python (D:1)
  6 bats
  A giant newt (D:2)
  6 rats
36 creatures vanquished.

Notes
Turn   | Place    | Note
--------------------------------------------------------------
     0 | D:1      | Chaoticas the Minotaur Berserker began the quest for the Orb.
     0 | D:1      | Reached XP level 1. HP: 19/19 MP: 0/0
   112 | D:1      | Reached skill level 4 in Maces & Flails
   140 | D:1      | Reached XP level 2. HP: 14/27 MP: 1/1
   659 | D:1      | Found a sparkling altar of Nemelex Xobeh.
   853 | D:2      | Reached skill level 5 in Maces & Flails
   853 | D:2      | Reached XP level 3. HP: 27/33 MP: 2/2
   933 | D:2      | Reached ** piety under Trog
  1459 | D:2      | Reached XP level 4. HP: 5/40 MP: 3/3
  1464 | D:2      | HP: 2/40 [poisoned by an adder]
  1471 | D:2      | HP: 1/40 [poisoned by an adder]
  1476 | D:2      | Succumbed to an adder's poison

Skill      XL: |  1  2 |
---------------+-------+-----
Maces & Flails | 4 5 |  5.9
Fighting       | |  3.7
Armour         | |  2.4
Dodging        | |  2.2

Action                   |  1- 3 |  4- 6 || total
-------------------------+-------+-------++-------
Melee: Mace              |    72 |       ||    72
       Headbutt          |     3 |       ||     3
  Use: Potion            |       |     4 ||     4
 Stab: Sleeping          |     1 |       ||     1
  Eat: Chunk             |     2 |       ||     2
Armor: Animal skin       |    18 |       ||    18
Dodge: Dodged            |    53 |       ||    53
Block: Shield            |    10 |       ||    10
